 Dungeon Crawl Stone Soup version 0.21.0-3-g78d12a8 (webtiles) character file.

69 komo4ek the Cutter (level 4, -1/34 HPs)
             Began as a Human Gladiator on Jan 9, 2018.
             Killed from afar by Sigmund (5 damage)
             ... with a puff of flame
             ... on level 2 of the Dungeon.
             The game lasted 00:02:52 (1100 turns).

komo4ek the Cutter (Human Gladiator)                Turns: 1100, Time: 00:02:53

Health: -1/34      AC:  4    Str: 15    XL:     4   Next: 42%
Magic:  4/4        EV: 13    Int:  8    God:
Gold:   100        SH:  0    Dex: 15    Spells: 3/3 levels left

rFire    . . .     SeeInvis .   a - +0 rapier
rCold    . . .     Gourm    .   (no shield)
rNeg     . . .     Faith    .   b - +0 leather armour
rPois    .         Spirit   .   c - +0 helmet
rElec    .         Reflect  .   (no cloak)
rCorr    .         Harm     .   (no gloves)
MR       .....                  (no boots)
Stlth    +.........             (no amulet)
HPRegen  0.11/turn              (no ring)
MPRegen  0.09/turn              (no ring)

@: no status effects
A: no striking features
a: no special abilities


You were on level 2 of the Dungeon.
You were not hungry.

You visited 1 branch of the dungeon, and saw 2 of its levels.

You collected 100 gold pieces.

Inventory:

Hand Weapons
 a - a +0 rapier (weapon)
Missiles
 d - 3 throwing nets (quivered)
Armour
 b - a +0 leather armour (worn)
 c - a +0 helmet (worn)
Jewellery
 k - an uncursed ring of wizardry {unknown}
 m - a +2 ring of protection {unknown}
Scrolls
 g - a scroll of identify {unknown}
 h - a scroll of immolation {unknown}
 j - a scroll of remove curse {unknown}
Potions
 e - 3 potions of curing {unknown}
 i - a potion of invisibility {unknown}
 l - a potion of brilliance {unknown}
 n - a potion of heal wounds {unknown}
Comestibles
 f - 3 rations


   Skills:
 + Level 2.6 Fighting
 * Level 4.1 Short Blades
 - Level 2.0 Throwing
 + Level 3.5 Dodging


You had 3 spell levels left.
You didn't know any spells.

Dungeon Overview and Level Annotations

Branches:
Dungeon (2/15)

Altars:
Hepliaklqana

Annotations:
D:2 Sigmund


Message History

No target in view!
Sigmund the Dreaded comes into view.
He is wielding a scythe.
Sigmund shouts!
Sigmund gestures wildly while chanting.
Sigmund flickers and vanishes!
Deactivating autopickup; reactivate with Ctrl-A.
No target in view!
Autopickup is now on.
Something hits you!
Deactivating autopickup; reactivate with Ctrl-A.
You miss something. You hit something. Something hits you!
You hear some strange, mumbled words.
A puff of flame appears from out of thin air!
The puff of flame hits you!
* * * LOW HITPOINT WARNING * * *
You hear some strange, mumbled words.
A puff of flame appears from out of thin air!
The puff of flame hits you!
You die...

.# #### #.##.# ...#
#.##.. ##.###### ###
#.##.# #......<....#
#.##.##### #
........###.#
#.##...8.#.# #..####.#
#.# #.##._...... #..#
##.# #.# #.#.{.......
#..###..###.###.@....8.#.
......#...........(..###
.....###...........#.#
...##.#.###.####.####.#
.....#.#.##.# #.# ##
#..##.#.###.# #.#
#..###.## #.# #.#
#..########.# #.#
#...<.......# #.#


There were no monsters in sight!

Vanquished Creatures
  Jessica (D:2)
  3 dart slugs (D:1)
  A leopard gecko (D:2)
  7 bats
  3 giant cockroaches
  A goblin (D:2)
  A hobgoblin (D:2)
  4 jackals
  6 kobolds
  A quokka (D:2)
  A ball python (D:1)
  4 frilled lizards
  6 rats
39 creatures vanquished.

Notes
Turn   | Place    | Note
-------+----------+-------------------------------------------
     0 | D:1      | komo4ek the Human Gladiator began the quest for the Orb.
     0 | D:1      | Reached XP level 1. HP: 16/16 MP: 1/1
    68 | D:1      | Reached XP level 2. HP: 19/22 MP: 2/2
   363 | D:1      | Reached XP level 3. HP: 28/28 MP: 3/3
   643 | D:2      | Noticed Jessica
   662 | D:2      | Killed Jessica
   662 | D:2      | Reached skill level 4 in Short Blades
   662 | D:2      | Reached XP level 4. HP: 4/34 MP: 4/4
  1084 | D:2      | Found a hazy altar of Hepliaklqana.
  1089 | D:2      | Noticed Sigmund
  1100 | D:2      | Killed from afar by Sigmund

Skill      XL: |  1  2  3 |
---------------+----------+-----
Short Blades   | 4 |  4.1
Fighting       | |  2.6
Throwing       | |  2.0
Dodging        | |  3.5

Action                   |  1- 3 |  4- 6 || total
-------------------------+-------+-------++-------
Melee: Rapier            |    70 |    35 ||   105
 Stab: Sleeping          |     2 |       ||     2
  Eat: Ration            |       |     1 ||     1
Armor: Leather armour    |    17 |    10 ||    27
Dodge: Dodged            |    60 |    28 ||    88
